 Dungeon Crawl Stone Soup version 0.23.1 (webtiles) character file.

Game seed: 0

5385 night the Basher (level 10, -1/63 HPs)
             Began as a Gargoyle Fighter on Mar 8, 2019.
             Was a Priest of Makhleb.
             Killed from afar by Nergalle (6 damage)
             ... with a bolt of negative energy
             ... on level 10 of the Dungeon.
             The game lasted 00:26:02 (8310 turns).

night the Basher (Gargoyle Fighter)                 Turns: 8310, Time: 00:26:03

Health: -1/63      AC: 19    Str: 27    XL:     10   Next: 66%
Magic:  14/14      EV: 11    Int: 10    God:    Makhleb [***...]
Gold:   467        SH: 11    Dex:  9    Spells: 9/9 levels left

rFire    + . .     SeeInvis .   J - +2 flail (crush)
rCold    . . .     Gourm    .   c - +0 shield
rNeg     + . .     Faith    .   D - +0 chain mail
rPois    ∞         Spirit   .   (no helmet)
rElec    +         Reflect  .   (no cloak)
rCorr    .         Harm     .   q - +1 pair of gloves
MR       .....                  R - +0 pair of boots
Stlth    ..........             (no amulet)
HPRegen  0.20/turn              K - +4 ring of evasion (curse)
MPRegen  0.14/turn              I - ring of protection from fire

@: mighty, very slightly contaminated, lightly drained
A: negative energy resistance 1, electricity resistance, unbreathing,
petrification resistance, rot immunity, AC +7
a: Minor Destruction, Lesser Servant of Makhleb, Renounce Religion


You were on level 10 of the Dungeon.
You worshipped Makhleb.
Makhleb was most pleased with you.
You were near starving.

You visited 2 branches of the dungeon, and saw 10 of its levels.
You also visited: Sewer.

You collected 467 gold pieces.

Inventory:

Hand Weapons
 B - a +0 flail of protection
 J - a +2 flail of crushing (weapon)
 N - a -3 whip
Missiles
 g - 250 stones (quivered)
 k - a throwing net
 y - 48 sling bullets
 A - 66 bolts
Armour
 b - a +0 scale mail
 c - a +0 shield (worn)
 q - a +1 pair of gloves (worn)
 D - a +0 chain mail (worn)
 R - a +0 pair of boots (worn)
Jewellery
 h - a +4 ring of slaying {unknown}
 l - an uncursed ring of resist corrosion
 I - a ring of protection from fire (right hand)
 K - a cursed +4 ring of evasion (left hand)
 O - an uncursed ring of positive energy {unknown}
 S - a +3 ring of strength {unknown}
Wands
 F - a wand of iceblast (14)
 P - a wand of enslavement (11)
Scrolls
 i - 7 scrolls of identify
 m - 3 scrolls of remove curse
 n - a scroll of amnesia
 p - 3 scrolls of magic mapping
 s - a scroll of fear
 t - 3 scrolls of enchant armour
 u - a scroll of noise
 w - 2 scrolls of blinking
 E - 3 scrolls of teleportation
 M - a scroll of immolation {unknown}
Potions
 a - a potion of degeneration {unknown}
 d - a potion of might
 e - a potion of brilliance {unknown}
 j - 4 potions of magic
 o - 2 potions of mutation {unknown}
 C - 2 potions of agility
 G - 6 potions of curing
 L - 3 potions of haste {unknown}
 Q - a potion of flight {unknown}
Comestibles
 f - 12 rations


   Skills:
 + Level 7.5(7.2) Fighting
 * Level 10.8(10.5) Maces & Flails
 - Level 3.2(3.0) Armour
 + Level 8.9(8.6) Shields
 + Level 6.2(5.9) Invocations


You had 9 spell levels left.
You didn't know any spells.
Your spell library was empty.

Dungeon Overview and Level Annotations

Branches:
Dungeon (10/15)            Temple (1/1) D:4             Orc (0/2) D:9
   Lair: D:8-11

Altars:
Ashenzari
Cheibriados
Dithmenos
Elyvilon
Fedhas
Gozag
Hepliaklqana
Kikubaaqudgha
Makhleb
Nemelex Xobeh
Okawaru
Qazlal
Ru
Sif Muna
Trog
Uskayaw
Vehumet
Wu Jian
Xom
Yredelemnul
Zin
The Shining One

Annotations:
D:10 Nergalle


Innate Abilities, Weirdness & Mutations

You are resistant to torment.
Your stone body is resilient. (AC +7)
You are immune to poison.
You resist negative energy. (rN+)
You are resistant to electric shocks. (rElec)
You can survive without breathing.
You are immune to petrification.
You are immune to rotting.


Message History

The deep elf mage casts a spell.
The deep elf mage blinks!
Your surroundings suddenly seem different.
Nergalle the Soulbinder comes into view.
She is wielding a +0 dagger and wearing a +1 robe of magic resistance.
Nergalle shouts!
A bullfrog comes into view.
The bullfrog croaks.
A worker ant comes into view.
The worker ant twitches its antennae in your direction.
The bullfrog hits you but does no damage.
Found a scroll of identify, 5 javelins of returning and a hunting sling.
A demon appears!
The bullfrog swells and bulges.
The bullfrog hits you but does no damage.
A demon appears!
The bullfrog barely misses you.
The bullfrog hits you but does no damage.
Your neqoxec barely misses the bullfrog.
Nergalle gestures at you while chanting.
The bolt of negative energy hits you. You partially resist.
You feel drained.
You die...

*,***.#........)..,,,,,,,...
*,,,,(.#.........###******..
*,,,...............,,,,,,,#.
**,,_............#*******,#.
*,,...#.........## *,#.
*,,........a.....# *,#.
*****#....4.3....# *,#.
#....F..o...# *,#.
#....@......# *,#.
#...........# *,#.
#...........# *,#.
#...........# *,#.
#.........?.# *,#.
#...........# *,#.
############# *,#< *,## *,,,


You could see Nergalle, a bullfrog, a worker ant, a friendly hellwing and a
friendly neqoxec.

Vanquished Creatures
  Harold (D:9)
  Erolcha (D:9)
  Pikel (D:7)
  3 centaur skeletons (D:9)
  3 trolls (D:9)
  A hippogriff (D:9)
  A water moccasin (D:5)
  The ghost of Ancalimex the Magician, an amateur DEAE (D:3)
  An ice beast (D:5)
  3 sky beasts
  3 slaves (D:7)
  3 ogres
  A black bear (D:7)
  A boggart (D:6)
  A bullfrog (D:9)
  A scorpion (D:7)
  3 wights (D:9)
  5 howler monkeys
  A crimson imp (D:10)
  4 hounds
  3 bullfrog skeletons
  An orc wizard (D:3)
  4 orc priests
  3 jellies
  An iguana (D:4)
  3 worker ants
  A hound skeleton (D:9)
  10 gnolls
  12 adders
  3 river rats (Sewer)
  A shadow imp (D:10)
  An adder zombie (D:5)
  An adder skeleton (D:9)
  5 worms
  A dart slug (D:2)
  3 leopard geckos
  17 orcs
  5 ball pythons
  8 bats
  15 giant cockroaches
  13 goblins
  15 hobgoblins
  17 jackals
  2 quokkas
  11 frilled lizards
  10 kobolds
  A leopard gecko zombie (D:6)
  17 rats
223 creatures vanquished.

Vanquished Creatures (others)
  A phantom (D:7)
1 creature vanquished.

Grand Total: 224 creatures vanquished

Notes
Turn   | Place    | Note
-------+----------+-------------------------------------------
     0 | D:1      | night the Gargoyle Fighter began the quest for the Orb.
     0 | D:1      | Reached XP level 1. HP: 14/14 MP: 1/1
    97 | D:1      | Found a shattered altar of Ashenzari.
   146 | D:1      | Reached XP level 2. HP: 19/19 MP: 2/2
   760 | D:1      | Reached skill level 3 in Maces & Flails
   921 | D:2      | Reached XP level 3. HP: 23/23 MP: 3/3
  1705 | D:2      | Reached XP level 4. HP: 17/28 MP: 4/4
  1894 | D:2      | Found an ancient bone altar of Kikubaaqudgha.
  1894 | D:2      | Found a shadowy altar of Dithmenos.
  2254 | D:3      | Reached skill level 4 in Maces & Flails
  2298 | D:3      | Reached XP level 5. HP: 28/32 MP: 5/5
  2510 | D:3      | Found a blossoming altar of Fedhas.
  2616 | D:3      | Found a runed translucent door.
  2703 | D:3      | Noticed Ancalimex's ghost (amateur DEAE)
  2739 | D:3      | Killed Ancalimex's ghost
  2739 | D:3      | Reached skill level 5 in Maces & Flails
  2739 | D:3      | Reached skill level 5 in Shields
  2739 | D:3      | Reached XP level 6. HP: 24/37 MP: 6/6
  2882 | D:3      | Found an ornate altar of the Wu Jian Council.
  3184 | D:4      | Found a deep blue altar of Sif Muna.
  3577 | D:4      | Reached skill level 6 in Maces & Flails
  3626 | D:4      | Reached XP level 7. HP: 41/41 MP: 7/7
  3662 | D:4      | Found a staircase to the Ecumenical Temple.
  3671 | Temple   | Entered the Ecumenical Temple
  3804 | Temple   | Became a worshipper of Makhleb the Destroyer
  4319 | D:5      | Entered Level 5 of the Dungeon
  4495 | D:5      | Reached skill level 7 in Maces & Flails
  4543 | D:5      | Noticed Edmund
  4545 | D:5      | Noticed Edmund
  4545 | D:5      | Edmund changed into Edmund the water moccasin
  4585 | D:5      | Killed Edmund the water moccasin
  4585 | D:5      | Reached XP level 8. HP: 31/48 MP: 8/8
  4718 | D:5      | Reached skill level 1 in Invocations
  4753 | D:5      | Found a glowing silver altar of Zin.
  5068 | D:5      | Reached * piety under Makhleb
  5439 | D:6      | Found a glowing drain.
  5477 | D:6      | Noticed Blork the orc
  5479 | Sewer    | Entered a sewer
  5687 | Sewer    | Reached ** piety under Makhleb
  5969 | D:6      | Noticed Blork
  5969 | D:6      | Blork the orc changed into Blork the boggart
  5974 | D:6      | Killed Blork the boggart
  5974 | D:6      | Reached skill level 8 in Maces & Flails
  6048 | D:6      | Reached skill level 5 in Fighting
  6326 | D:6      | Reached XP level 9. HP: 54/54 MP: 11/11
  6652 | D:6      | Reached *** piety under Makhleb
  6878 | D:7      | Noticed Pikel
  6908 | D:7      | Killed Pikel
  6908 | D:7      | Reached skill level 9 in Maces & Flails
  7196 | D:7      | You fall through a shaft for 2 floors!
  7197 | D:9      | Noticed a troll
  7206 | D:9      | Killed a troll
  7409 | D:9      | Noticed Erolcha
  7427 | D:9      | Killed Erolcha
  7427 | D:9      | Reached skill level 10 in Maces & Flails
  7427 | D:9      | Reached skill level 5 in Invocations
  7427 | D:9      | Reached XP level 10. HP: 48/61 MP: 12/14
  7436 | D:9      | Noticed Harold
  7544 | D:9      | Killed Harold
  7608 | D:9      | Found a staircase to the Orcish Mines.
  7898 | D:9      | Found a sacrificial altar of Ru.
  8209 | D:10     | Entered Level 10 of the Dungeon
  8257 | D:10     | Noticed a deep elf mage
  8276 | D:10     | HP: 1/63 [fire elemental[a deep elf mage] (5)]
  8284 | D:10     | HP: 1/63 [fire elemental[a deep elf mage] (5)]
  8307 | D:10     | Noticed Nergalle
  8310 | D:10     | Found a snail-covered altar of Cheibriados.
  8310 | D:10     | Killed from afar by Nergalle

Skill      XL: |  1  2  3  4  5  6  7  8  9 10 |
---------------+-------------------------------+-----
Maces & Flails | 3 4 5 6 7 8 10 | 10.8
Shields        | 4 5 6 7 8 |  8.9
Fighting       | 4 5 6 7 |  7.5
Invocations    | 3 5 6 |  6.2
Armour         | |  3.2

Action                   |  1- 3 |  4- 6 |  7- 9 | 10-12 || total
-------------------------+-------+-------+-------+-------++-------
Melee: Flail             |   122 |   245 |   590 |    92 ||  1049
Invok: Lesser Servant of |       |       |     1 |     2 ||     3
       Minor Destruction |       |       |       |     8 ||     8
Evoke: Wand              |       |     1 |     5 |     5 ||    11
  Use: Scroll            |     1 |       |     4 |    11 ||    16
       Potion            |       |       |       |     4 ||     4
  Eat: Chunk             |     3 |     6 |    14 |     1 ||    24
Armor: Scale mail        |    53 |   138 |    14 |       ||   205
       Chain mail        |       |       |   270 |    83 ||   353
Dodge: Dodged            |    46 |    72 |   121 |    40 ||   279
Block: Shield            |    29 |   115 |   304 |    79 ||   527
       Buckler           |    21 |       |       |       ||    21
